 Dungeon Sprint DCSS version 0.28-a0-1447-ga5a8893891 (webtiles) character file.

Game seed: 878629854810061744

2577 mhtbhm the Cleaver (level 9, -1/89 HPs)
             Began as a Minotaur Fighter on Jan 12, 2022.
             Was a High Priest of Okawaru.
             Slain by a polar bear (22 damage)
             ... in the Dungeon (Sprint VII: "The Pits").
             The game lasted 00:02:15 (1369 turns).

mhtbhm the Cleaver (Minotaur Fighter)               Turns: 1369, Time: 00:02:16

Health: -1/89      AC: 15    Str: 28    XL:     9   Next: 32%
Magic:  13/13      EV: 13    Int:  5    God:    Okawaru [*****.]
Gold:   0          SH:  6    Dex: 10    Spells: 8/8 levels left

rFire   . . .      SeeInvis .   a - +1 broad axe (freeze)
rCold   . . .      Faith    .   c - +0 buckler
rNeg    + . .      Spirit   .   b - +3 chain mail {rN+}
rPois   .          Reflect  .   (helmet restricted)
rElec   .          Harm     .   (no cloak)
rCorr   .          Rampage  .   (no gloves)
Will    .....      NoTele   +   (no boots)
Stlth   ..........              (no amulet)
HPRegen 0.24/turn               m - +3 ring of evasion
MPRegen 0.13/turn               n - +3 ring of strength

@: spiked, mesmerised, slowed, very slow
A: horns 2, retaliatory headbutt
a: Renounce Religion, Heroism, Finesse


You were in the Dungeon.
You worshipped Okawaru.
Okawaru was extremely pleased with you.
You visited 1 branch

Inventory:

Hand Weapons
 a - a +1 broad axe of freezing (weapon)
Armour
 b - a +3 chain mail of positive energy (worn)
 c - a +0 buckler (worn)
Jewellery
 m - a +3 ring of evasion (left hand)
 n - a +3 ring of strength (right hand)
Scrolls
 j - a scroll of blinking
 l - 5 scrolls of amnesia
Potions
 d - 3 potions of might
 e - 10 potions of heal wounds
 f - 8 potions of curing
 g - 2 potions of haste
 h - 4 potions of magic
 i - 3 potions of berserk rage
 k - 2 potions of invisibility


   Skills:
 + Level 11.1 Fighting
 + Level 13.4 Axes
 + Level 13.2 Armour
 + Level 4.7 Dodging
 + Level 11.0 Shields
 * Level 7.8 Invocations


You had 8 spell levels left.
You didn't know any spells.
Your spell library was empty.

Dungeon Overview and Level Annotations

Branches:
Dungeon (1/1)

Altars:
Ashenzari
Cheibriados
Dithmenos
Elyvilon
Fedhas
Gozag
Hepliaklqana
Kikubaaqudgha
Makhleb
Nemelex Xobeh
Okawaru
Qazlal
Ru
Sif Muna
Trog
Uskayaw
Vehumet
Wu Jian
Xom
Yredelemnul
Zin
The Shining One
Beogh
Jiyva
Lugonu


Innate Abilities, Weirdness & Mutations

You have a pair of horns on your head.
You reflexively headbutt those who attack you in melee.


Message History

Okawaru will now gift you equipment as you gain piety.
The polar bear bites you but does no damage.
You block the polar bear's attack.
The polar bear claws you but does no damage.
Your Armour skill increases to level 13!
Your Shields skill increases to level 11!
Unknown command.
You barely miss the manticore.
The manticore is lightly wounded.
You slash the polar bear! You freeze the polar bear. You hit the wraith.
The merfolk siren chants its luring song.
The manticore bites you but does no damage.
You block the manticore's attack.
The manticore claws you but does no damage.
The wraith hits you but does no damage. The polar bear bites you.
The polar bear claws you but does no damage. x2
The merfolk siren closely misses you.
You barely miss the manticore. You headbutt the manticore!
The manticore is moderately wounded.
You hit the wraith but do no damage. You slash the polar bear!
You freeze the polar bear. The manticore bites you!
You block the manticore's attack. The manticore closely misses you.
The wraith completely misses you.
The polar bear goes berserk!
The merfolk siren hits you but does no damage.
The manticore barely misses you. You block the manticore's attack.
The manticore claws you. The wraith completely misses you.
The polar bear bites you.
The polar bear claws you but does no damage.
The polar bear barely misses you.
You slice the manticore!! You freeze the manticore. You headbutt the manticore!
You kill the manticore!
Okawaru is honoured by your kill.
You hit the polar bear. You hit the wraith but do no damage.
You block the polar bear's attack.
The polar bear claws you but does no damage.
The polar bear claws you.
The merfolk siren hits you from afar with a +0 trident!
* * * LOW HITPOINT WARNING * * *
The wraith closely misses you. The polar bear bites you!!
You die...

#####'#####''######
##.......##''#
##.......##..#
##.......##..# +#
##...<...##..# #.##
##.......##..# #...##
##.......##..####.....#
##.......##.†.##W.....#
###########....'@hm...+
###########...##†)....#
....#..[[##..####.....#
....#..[[##..# #...##
....'..))##..# #.##
....#..))##..# +#
....#..))##..#
##############


You could see a polar bear (berserk), a merfolk siren (mesmerising) and a
wraith.

Vanquished Creatures
  A deep troll (D)
  2 manticores (D)
  An efreet (D)
  A guardian mummy (D)
  A basilisk (D)
  2 floating eyes (D)
  An ice beast (D)
  A sky beast (D)
  A centaur (D)
  2 necrophages (D)
  3 wolves (D)
  A scorpion (D)
  A gnoll shaman (D)
  4 gnolls (D)
  2 adders (D)
  A river rat (D)
  An adder skeleton (D)
  A worm (D)
  An orc (D)
  2 endoplasms (D)
  A giant cockroach (D)
  2 hobgoblins (D)
  A quokka (D)
  A ball python (D)
  A rat (D)
36 creatures vanquished.

Notes
Turn   | Place    | Note
-------+----------+-------------------------------------------
     0 | D        | mhtbhm the Minotaur Fighter began the quest for the Orb.
     0 | D        | Reached XP level 1. HP: 19/19 MP: 0/0
    19 | D        | Found a bloodstained altar of Trog.
    19 | D        | Found a shimmering blue altar of Sif Muna.
    19 | D        | Found a viscous altar of Jiyva.
    19 | D        | Found a hazy altar of Hepliaklqana.
    19 | D        | Found an opulent altar of Gozag.
    20 | D        | Found a glowing golden altar of the Shining One.
    20 | D        | Found a glowing silver altar of Zin.
    20 | D        | Found a basalt altar of Yredelemnul.
    20 | D        | Found a shimmering altar of Xom.
    20 | D        | Found an ornate altar of the Wu Jian Council.
    20 | D        | Found a sacrificial altar of Ru.
    20 | D        | Found a stormy altar of Qazlal.
    20 | D        | Found an iron altar of Okawaru.
    20 | D        | Found a sparkling altar of Nemelex Xobeh.
    20 | D        | Found a burning altar of Makhleb.
    20 | D        | Found a blossoming altar of Fedhas.
    20 | D        | Found a white marble altar of Elyvilon.
    20 | D        | Found a shadowy altar of Dithmenos.
    20 | D        | Found a snail-covered altar of Cheibriados.
    22 | D        | Found a radiant altar of Vehumet.
    22 | D        | Found a corrupted altar of Lugonu.
    23 | D        | Found a hide-covered altar of Uskayaw.
    23 | D        | Found an ancient bone altar of Kikubaaqudgha.
    23 | D        | Found a broken altar of Ashenzari.
    32 | D        | Became a worshipper of Warmaster Okawaru
    92 | D        | Reached XP level 2. HP: 24/28 MP: 1/1
   130 | D        | Noticed an ice beast
   142 | D        | Killed an ice beast
   142 | D        | Reached * piety under Okawaru
   143 | D        | Reached skill level 5 in Axes
   143 | D        | Reached XP level 3. HP: 38/38 MP: 2/2
   143 | D        | Reached XP level 4. HP: 45/45 MP: 3/3
   145 | D        | Noticed a scorpion
   145 | D        | Noticed a floating eye
   147 | D        | Paralysed by a floating eye for 3 turns
   151 | D        | Paralysed by a floating eye for 4 turns
   157 | D        | Killed a scorpion
   158 | D        | Reached skill level 1 in Dodging
   158 | D        | Reached XP level 5. HP: 4/52 MP: 4/4
   159 | D        | Paralysed by a floating eye for 2 turns
   163 | D        | Killed a floating eye
   164 | D        | Reached XP level 6. HP: 6/61 MP: 5/5
   510 | D        | Noticed a sky beast
   515 | D        | Killed a sky beast
   636 | D        | Reached ** piety under Okawaru
   637 | D        | Reached skill level 10 in Armour
   637 | D        | Reached XP level 7. HP: 70/70 MP: 8/8
   739 | D        | Noticed a deep troll
   747 | D        | Killed a deep troll
   747 | D        | Reached *** piety under Okawaru
   748 | D        | Reached skill level 10 in Fighting
   748 | D        | Reached skill level 10 in Axes
   748 | D        | Reached skill level 10 in Shields
   748 | D        | Reached skill level 5 in Invocations
   748 | D        | Reached XP level 8. HP: 57/79 MP: 8/11
   782 | D        | Reached **** piety under Okawaru
  1084 | D        | Noticed a guardian mummy
  1095 | D        | Killed a guardian mummy
  1095 | D        | Noticed a manticore
  1096 | D        | Reached XP level 9. HP: 41/86 MP: 11/13
  1294 | D        | Killed a manticore
  1359 | D        | Noticed a polar bear
  1359 | D        | Noticed a merfolk siren
  1359 | D        | Noticed an efreet
  1359 | D        | Noticed a manticore
  1366 | D        | Killed an efreet
  1366 | D        | Reached ***** piety under Okawaru
  1369 | D        | Killed a manticore
  1369 | D        | Slain by a polar bear

Illustrated notes

Levels and vault maps discovered:
D:        pitsprint [storerooms_1, entrance_room_1, metal_vault_3, armoury_1,
          mini_pit_1, grid_room_1, main_hall_1, silver_pit, the_coven_1,
          the_vestibule_1, steel_vault_4, golden_pit, hallway_of_sentries,
          crystal_vault_4, iron_vault_5, final_vault]

Skill      XL: |  1  2  3  4  5  6  7  8  9 |
---------------+----------------------------+-----
Fighting       | 4 6 7 8 9 10 11 | 11.1
Armour         | 4 6 7 8 10 11 12 13 | 13.2
Shields        | 4 6 7 8 9 10 11 | 11.0
Axes           | 3 5 6 7 8 10 12 13 | 13.4
Dodging        | 1 2 3 4 |  4.7
Invocations    | 3 5 7 |  7.8

Action                   |  1- 3 |  4- 6 |  7- 9 || total
-------------------------+-------+-------+-------++-------
Melee: Hand axe          |    22 |    37 |    34 ||    93
       War axe           |     2 |       |       ||     2
       Headbutt          |     4 |     7 |    11 ||    22
       Broad axe         |       |       |    22 ||    22
  Use: Potion            |     1 |     1 |     1 ||     3
Armor: Scale mail        |    12 |     4 |       ||    16
       Chain mail        |       |     7 |    44 ||    51
Dodge: Dodged            |     8 |    17 |    53 ||    78
Block: Buckler           |     4 |     4 |    27 ||    35

Table legend: (Time is in decaauts)
 A = Elapsed time spent in this place.
 B = Non-inter-level travel time spent in this place.
 C = Inter-level travel time spent in this place.
 D = Time resting spent in this place.
 E = Time spent auto-exploring this place.
 F = Levels seen in this place.
 G = Mean time per level.
                   A        B        C        D        E       F      G
               +--------+--------+--------+--------+--------+-----+--------+
         Total |   1365 |   1365 |      0 |    938 |     75 |   1 | 1365.0 |
       Dungeon |   1365 |   1365 |      0 |    938 |     75 |   1 | 1365.0 |
               +--------+--------+--------+--------+--------+-----+--------+

Top non-repeatable levels by time:
       D: 1365 daAuts
